 Dungeon Crawl Stone Soup version 0.24-a0-580-g6a6c3f83c1 (webtiles) character file.

Game seed: 9907216702454185940

6610 Mithandil the Blocker (level 10, -16/89 (90) HPs)
             Began as a Minotaur Fighter on Aug 22, 2019.
             Was a Follower of the Shining One.
             Demolished by an ettin
             ... wielding a +0 dire flail
              (31 damage)
             ... on level 1 of the Orcish Mines.
             The game lasted 00:48:48 (9273 turns).

Mithandil the Blocker (Minotaur Fighter)            Turns: 9273, Time: 00:48:49

HP:   -16/89 (90)   AC: 12    Str: 23    XL:     10   Next: 71%
MP:   9/9           EV: 11    Int:  5    God:    the Shining One [*.....]
Gold: 302           SH: 17    Dex: 14    Spells: 9/9 levels left

rFire    . . .     SeeInvis +   a - +4 short sword (holy)
rCold    . . .     Gourm    .   c - +1 shield
rNeg     . . .     Faith    .   d - +0 chain mail
rPois    .         Spirit   .   (helmet unavailable)
rElec    .         Reflect  +   k - +0 cloak
rCorr    +         Harm     .   (no gloves)
MR       .....                  (no boots)
Stlth    ..........             G - amulet of Atidd {Reflect +Blink MR- Dex+3 SH+3 Stlth+}
HPRegen  0.24/turn              E - ring of resist corrosion
MPRegen  0.11/turn              l - ring of see invisible

@: glowing
A: retaliatory headbutt, horns 3, sense surroundings 1
a: Renounce Religion, Evoke Blink


You were on level 1 of the Orcish Mines.
You worshipped the Shining One.
The Shining One was aware of your devotion.
You were not hungry.

You visited 3 branches of the dungeon, and saw 13 of its levels.

You collected 536 gold pieces.
You spent 234 gold pieces at shops.

Inventory:

Hand Weapons
 a - a +4 short sword of holy wrath (weapon)
 b - a +0 hand crossbow
 h - a +2 flail of venom
 o - a +2 antimagic spear
 s - a +0 short sword of speed
 z - a +0 spear of venom
 A - a +0 fustibalus
 D - a +2 flail of crushing
 J - a +1 flail of protection
Missiles
 p - 58 sling bullets
 t - 5 boomerangs (quivered)
 v - 64 bolts
 C - 15 poisoned darts
Armour
 c - a +1 shield (worn)
 d - a +0 chain mail (worn)
 g - the +2 scale mail "Xusismoi" {rPois rF+ Int+4}
   (You found it on level 5 of the Dungeon)

   It affects your intelligence (+4).
   It protects you from fire.
   It protects you from poison.
 k - a +0 cloak (worn)
Magical Staves
 H - an uncursed staff of earth
Jewellery
 l - a ring of see invisible (right hand)
 E - a ring of resist corrosion (left hand)
 F - an uncursed ring of flight
 G - the amulet of Atidd (around neck) {Reflect +Blink MR- Dex+3 SH+3 Stlth+}
   (You found it on level 5 of the Dungeon)

   [amulet of reflection]

   It shields you and reflects attacks.
   It affects your dexterity (+3).
   It affects your resistance to hostile enchantments.
   It lets you blink.
   It affects your SH (+3).
   It makes you more stealthy.
 K - an uncursed ring of ice
Wands
 M - a wand of scattershot (5)
Scrolls
 e - 5 scrolls of remove curse
 m - 4 scrolls of enchant armour
 x - 3 scrolls of identify
 y - 2 scrolls of magic mapping
 I - a scroll of amnesia
 L - a scroll of teleportation
Potions
 i - 7 potions of curing
 j - a potion of mutation
 q - a potion of haste
 u - 4 potions of might
 w - a potion of heal wounds
 B - a potion of brilliance
Comestibles
 f - 16 rations


   Skills:
 + Level 8.8 Fighting
 + Level 7.0(7.2) Short Blades
   Level 2.8(5.6) Long Blades
 + Level 8.7 Armour
 + Level 7.2 Dodging
 * Level 11.8 Shields


You had 9 spell levels left.
You didn't know any spells.
Your spell library contained the following spells:

 Spells                   Type           Power        Failure   Level  Hunger
 Bolt of Magma            Conj/Fire/Erth #.........   100%        5    ######.
 Iskenderun's Battlesphe  Conj/Chrm      #.......     100%        5    ######.
 Venom Bolt               Conj/Pois      #.........   100%        5    ######.
 Iron Shot                Conj/Erth      #.........   100%        6    #######
 Orb of Destruction       Conj           #.........   100%        7    #######
 Spellforged Servitor     Conj/Summ      #.........   100%        7    #######


Dungeon Overview and Level Annotations

Branches:
Dungeon (11/15)            Temple (1/1) D:7             Orc (1/2) D:10
   Lair: D:8-11

Altars:
Ashenzari
Cheibriados
Dithmenos
Elyvilon
Fedhas
Gozag
Hepliaklqana
Kikubaaqudgha
Makhleb
Nemelex Xobeh
Okawaru
Qazlal
Ru
Sif Muna
Trog
Uskayaw
Vehumet
Wu Jian
Xom
Yredelemnul
Zin
The Shining One
Lugonu

Shops:
D:9 *


Innate Abilities, Weirdness & Mutations

You reflexively headbutt those who attack you in melee.
You have a pair of large horns on your head.
You passively map a small area around you.


Message History

You puncture the ettin! You headbutt the ettin!!
The ettin is heavily wounded.
The ettin hits you with a +0 dire flail.
The ettin hits you with a +0 dire flail!
You puncture the ettin! You headbutt the ettin.
The ettin is severely wounded.
The ettin completely misses you. The ettin closely misses you.
You hit the ettin. You headbutt the ettin.
The ettin is almost dead.
You hit the ettin but do no damage.
You headbutt the ettin, but do no damage.
The ettin is almost dead.
The ettin hits you with a +0 dire flail!!
You block the ettin's attack. The warg bites you!
* * * LOW HITPOINT WARNING * * *
You hit the ettin. You headbutt the ettin.
The ettin is almost dead.
The ettin barely misses you.
The ettin hits you with a +0 dire flail!!
You die...

#$..##
##....##
#......##
##.......#
#.$......####
*
......>....##
, #........#
#<.....##
*###..h@.# ,
, **#..C..#
........##
.........#
.....#.#.##
....######
#..# , ..,


You could see an ettin and a warg.

Vanquished Creatures
  Joseph (D:8)
  A hippogriff (D:7)
  Sigmund (D:2)
  A spriggan (D:9)
  6 yaks (D:9)
  A hungry ghost (D:9)
  4 wargs (D:10)
  2 sky beasts
  A black bear (D:8)
  2 eyes of draining (D:5)
  6 phantoms
  A hornet zombie (D:6)
  A necrophage (D:10)
  6 ogres
  2 centaurs (D:8)
  A crocodile (D:8)
  2 big kobolds
  A bullfrog (D:8)
  A wyvern zombie (D:9)
  2 scorpions
  A water moccasin skeleton (D:6)
  10 killer bees
  2 howler monkeys
  3 crimson imps
  4 hounds
  2 jellies
  4 orc priests
  3 centaur skeletons
  6 iguanas
  5 orc wizards
  4 worker ants
  An ogre zombie (D:6)
  A worker ant zombie (D:9)
  4 gnolls (D:5)
  A gnoll zombie (D:6)
  12 adders
  An orc zombie (D:6)
  2 shadow imps
  An adder zombie (D:8)
  A dart slug (D:4)
  4 leopard geckos
  32 orcs
  2 ball pythons
  A bat zombie (D:3)
  5 giant cockroaches
  6 goblins
  2 hobgoblins (D:1)
  15 jackals
  16 kobolds
  5 quokkas
  5 bats
  8 frilled lizards
  A leopard gecko skeleton (D:2)
  A leopard gecko zombie (D:7)
  A quokka skeleton (D:6)
  5 rats
  A rat zombie (D:3)
221 creatures vanquished.

Vanquished Creatures (others)
  A centaur (D:9)
  A kobold (D:9)
2 creatures vanquished.

Grand Total: 223 creatures vanquished

Notes
Turn   | Place    | Note
-------+----------+-------------------------------------------
     0 | D:1      | Mithandil the Minotaur Fighter began the quest for the Orb.
     0 | D:1      | Reached XP level 1. HP: 19/19 MP: 0/0
   139 | D:1      | Reached XP level 2. HP: 24/27 MP: 1/1
   261 | D:1      | Gained mutation: You passively map a small area around you.
                  | [potion of mutation]
   261 | D:1      | Gained mutation: You have a pair of large horns on your
                  | head. [potion of mutation]
   281 | D:1      | Reached skill level 4 in Shields
   542 | D:2      | Found a shattered altar of Ashenzari.
   949 | D:2      | Noticed Sigmund
   950 | D:2      | Reached XP level 3. HP: 33/33 MP: 2/2
   958 | D:2      | Killed Sigmund
   958 | D:2      | Reached skill level 1 in Short Blades
   958 | D:2      | Reached skill level 5 in Shields
   958 | D:2      | Reached XP level 4. HP: 16/41 MP: 3/3
   958 | D:2      | Reached XP level 5. HP: 18/47 MP: 4/4
  2095 | D:3      | Found an ancient bone altar of Kikubaaqudgha.
  2638 | D:4      | Reached XP level 6. HP: 51/53 MP: 5/5
  3046 | D:5      | Entered Level 5 of the Dungeon
  3062 | D:5      | Reached skill level 6 in Shields
  3091 | D:5      | Reached skill level 5 in Fighting
  3255 | D:4      | Reached skill level 5 in Armour
  3255 | D:4      | Reached XP level 7. HP: 37/61 MP: 6/6
  3761 | D:5      | Reached skill level 7 in Shields
  4138 | D:5      | Got a warped scale mail
  4170 | D:5      | Reached XP level 8. HP: 56/70 MP: 0/7
  4180 | D:5      | Found a bloodstained altar of Trog.
  4218 | D:5      | Identified the +2 scale mail "Xusismoi" {rPois rF+ Int+4}
                  | (You found it on level 5 of the Dungeon)
  4344 | D:5      | Found a shadowy altar of Dithmenos.
  4620 | D:5      | Reached skill level 8 in Shields
  4627 | D:5      | Got a pitted bronze amulet
  4642 | D:5      | Identified the amulet of Atidd {Reflect +Blink MR- Dex+3
                  | SH+3 Stlth+} (You found it on level 5 of the Dungeon)
  4782 | D:6      | Found a transporter.
  4815 | D:6      | Found a sparkling altar of Nemelex Xobeh.
  4818 | D:6      | Found an ornate altar of the Wu Jian Council.
  4820 | D:6      | Found an opulent altar of Gozag.
  4880 | D:6      | Found a transporter.
  5546 | D:6      | Reached skill level 9 in Shields
  5626 | D:7      | Found a glowing silver altar of Zin.
  5834 | D:7      | Noticed a hippogriff
  5845 | D:7      | Killed a hippogriff
  5845 | D:7      | Reached skill level 5 in Dodging
  5845 | D:7      | Reached XP level 9. HP: 60/78 MP: 8/8
  5930 | D:7      | Found a staircase to the Ecumenical Temple.
  5964 | Temple   | Entered the Ecumenical Temple
  5982 | Temple   | Became a worshipper of the Shining One
  6169 | D:7      | Reached skill level 5 in Short Blades
  6203 | D:7      | Found a snail-covered altar of Cheibriados.
  6254 | D:7      | Found an iron altar of Okawaru.
  6266 | D:7      | Found a shimmering altar of Xom.
  6966 | D:9      | Reached skill level 10 in Shields
  7303 | D:8      | Found a radiant altar of Vehumet.
  7414 | D:8      | Noticed Joseph
  7440 | D:8      | Killed Joseph
  7440 | D:8      | Reached XP level 10. HP: 44/88 MP: 9/9
  7733 | D:9      | Reached * piety under the Shining One
  8018 | D:9      | Reached skill level 11 in Shields
  8081 | D:9      | Found Woiphax's Assorted Antiques.
  8177 | D:10     | Entered Level 10 of the Dungeon
  8192 | D:9      | Bought a steel ring for 130 gold pieces
  8192 | D:9      | Bought a potion of might for 104 gold pieces
  8908 | D:10     | Found a white marble altar of Elyvilon.
  8918 | D:10     | Reached ** piety under the Shining One
  8944 | D:10     | Found a staircase to the Orcish Mines.
  9259 | Orc:1    | Entered Level 1 of the Orcish Mines
  9263 | Orc:1    | Noticed an ettin
  9273 | Orc:1    | Demolished by an ettin

Levels and vault maps discovered:
D:1:      dpeg_arrival_court, layout_basic, minmay_tetromino_o4
D:2:      layout_loops_cross, ashenzari_conservatory_becter, uniq_sigmund
D:3:      layout_loops_ring, lemuel_zombie_altar_kikubaaqudgha, first_ration
D:4:      minmay_evil_eye, layout_basic
D:5:      layout_rooms, kennysheep_little_box, trog_eyes_of_draining
D:6:      gammafunk_cloud_chamber, layout_loops_ring, grunt_temple_overflow_open
D:7:      layout_loops_cross, marbit_many_paths, minitemple,
          minmay_temple_entry_hall, basic_altar
D:8:      layout_basic, nicolae_overflow_crystal_walls, uniq_joseph
D:9:      layout_basic, serial_shops, shop, the_bakery,
          chequers_serial_rivers_small_b
D:10:     minmay_opposing_rooms, layout_rooms, lair_entry_dummy,
          minmay_orc_entry_guard_dogs, basic_altar, water_boxes_lemuel
D:11:     layout_basic, gammafunk_ghost_grave, uniq_psyche
Temple:   kb_corrupted_temple
Orc:1:    layout_diamond_mine, uniq_urug

Skill      XL: |  1  2  3  4  5  6  7  8  9 10 |
---------------+-------------------------------+-----
Shields        | 4 5 6 7 9 10 11 | 11.8
Fighting       | 4 5 6 7 8 |  8.8
Short Blades   | 1 2 3 4 6 7 |  7.0
Armour         | 4 5 6 7 8 |  8.7
Dodging        | 2 3 5 6 7 |  7.2
Long Blades    | |  2.8

Action                   |  1- 3 |  4- 6 |  7- 9 | 10-12 || total
-------------------------+-------+-------+-------+-------++-------
Melee: Long sword        |    36 |       |       |       ||    36
       Short sword       |    32 |   143 |   345 |   181 ||   701
       Headbutt          |     7 |    19 |    82 |    53 ||   161
 Fire: Hand crossbow     |       |       |       |     6 ||     6
  Use: Scroll            |     4 |     5 |     5 |     4 ||    18
       Potion            |     3 |     3 |     5 |       ||    11
 Stab: Invisible         |       |     1 |       |       ||     1
  Eat: Chunk             |       |     7 |    13 |     6 ||    26
       Ration            |       |       |     1 |       ||     1
Armor: Scale mail        |    20 |     4 |       |       ||    24
       Chain mail        |       |    55 |   110 |    48 ||   213
Dodge: Dodged            |    15 |    26 |    84 |    66 ||   191
Block: Shield            |    38 |    63 |   248 |   163 ||   512
       Reflection        |       |       |     2 |    13 ||    15
       Rpst.: Long sword |     3 |       |       |       ||     3

Table legend:
 A = Non-vault XP
 B = Vault XP
 C = Vault XP percentage of total XP
 D = Non-vault monster count
 E = Vault monster count
 F = Vault count percentage of total count
                 A         B        C        D         E       F
            +---------+---------+-------+---------+---------+-------
      Total |    7306 |    2138 |  22.6 |     199 |      23 |  10.4
            +---------+---------+-------+---------+---------+-------
        D:1 |      34 |       3 |   8.1 |      22 |       2 |   8.3
        D:2 |      21 |     220 |  91.3 |       8 |       1 |  11.1
        D:3 |      85 |       3 |   3.4 |      23 |       2 |   8.0
        D:4 |     275 |     260 |  48.6 |      17 |       5 |  22.7
        D:5 |     772 |     264 |  25.5 |      17 |       4 |  19.0
        D:6 |     658 |      54 |   7.6 |      18 |       3 |  14.3
        D:7 |     478 |       0 |   0.0 |      10 |       0 |   0.0
        D:8 |    1602 |     466 |  22.5 |      42 |       1 |   2.3
        D:9 |    2475 |     205 |   7.6 |      33 |       1 |   2.9
       D:10 |     906 |     663 |  42.3 |       9 |       4 |  30.8
            +---------+---------+-------+---------+---------+-------
